 Dungeon Crawl Stone Soup version 0.29.1-13-g9f3cf754e1 (webtiles) character file.

Game seed: 16278965783977225869

402 Peloso the Slasher (level 6, -3/53 HPs)
             Began as a Minotaur Fighter on Jan 22, 2023.
             Was an Initiate of Okawaru.
             Slain by an ogre
             ... wielding a +0 giant spiked club
              (26 damage)
             ... on level 4 of the Dungeon.
             The game lasted 00:05:22 (3037 turns).

Peloso the Slasher (Minotaur Fighter)               Turns: 3037, Time: 00:05:23

Health: -3/53      AC:  8    Str: 20    XL:     6   Next: 55%
Magic:  5/5        EV: 10    Int:  5    God:    Okawaru [......]
Gold:   133        SH: 10    Dex: 12    Spells: 5/5 levels left

rFire   . . .      SeeInvis .   a - +0 long sword
rCold   . . .      Faith    .   c - +0 buckler
rNeg    . . .      Spirit   .   b - +1 scale mail
rPois   .          Reflect  +   (helmet restricted)
rElec   .          Harm     .   (no cloak)
rCorr   .          Rampage  .   (no gloves)
Will    .....                   (no boots)
Stlth   ..........              o - amulet of reflection
HPRegen 0.17/turn               (no ring)
MPRegen 0.09/turn               (no ring)

@: no status effects
A: horns 2, retaliatory headbutt
a: Renounce Religion


You were on level 4 of the Dungeon.
You worshipped Okawaru.
Okawaru was noncommittal.
You visited 1 branch of the dungeon, and saw 4 of its levels.

You collected 133 gold pieces.

Inventory:

Hand Weapons
 a - a +0 long sword (weapon)
Missiles
 s - a throwing net (quivered)
Armour
 b - a +1 scale mail (worn)
 c - a +0 buckler (worn)
Jewellery
 o - an amulet of reflection (around neck)
Scrolls
 e - 3 scrolls of identify
 f - a scroll of teleportation
 l - a scroll of brand weapon {unknown}
 m - a scroll of fear {unknown}
 n - a scroll of immolation {unknown}
 q - 2 scrolls of vulnerability {unknown}
Potions
 d - a potion of might
 g - a potion of curing
 h - 3 potions of flight
 i - a potion of degeneration {unknown}
 j - a potion of heal wounds {unknown}
 k - a potion of lignification {unknown}
 p - a potion of mutation {unknown}
 r - a potion of brilliance {unknown}


   Skills:
 + Level 4.4 Fighting
 + Level 5.7 Long Blades
 + Level 5.2 Armour
 + Level 1.9 Dodging
 + Level 0.2 Stealth
 + Level 4.8 Shields


You had 5 spell levels left.
You didn't know any spells.
Your spell library contained the following spells:

 Spells                   Type           Power      Damage    Failure   Level
 Sandblast                Erth           0%         2d4       88%         1
 Passwall                 Tmut/Erth      0%         N/A       95%         2
 Sublimation of Blood     Necr           0%         N/A       95%         2
 Wereblood                Tmut           0%         N/A       95%         2
 Dazzling Flash           Conj/Hex       0%         N/A       99%         3
 Stone Arrow              Conj/Erth      0%         3d7       99%         3
 Agony                    Necr           0%         N/A       100%        5
 Silence                  Hex/Air        0%         N/A       100%        5
 Summon Hydra             Summ           Unusable   N/A       N/A         7

Dungeon Overview and Level Annotations

Branches:
Dungeon (4/15)
 Temple: D:4-7

Altars:
Cheibriados
Okawaru
Ru
Xom
Zin

Shops:
D:2 (


Innate Abilities, Weirdness & Mutations

You have a pair of horns on your head.
You reflexively headbutt those who attack you in melee.


Message History

Okawaru accepts your kill.
You see here a black bear corpse.
Found a short sword.
You now have 121 gold pieces (gained 15).
Found 3 stones.
You see here a +0 short sword.
You see here a black bear corpse.
There is an open door here.
You now have 133 gold pieces (gained 12).
You open the door.
There is an open door here.
A gnoll, an ogre and a ball python come into view.
The gnoll shouts!
The ogre shouts!
The ball python hisses angrily.
The ball python attacks as you move away!
The ball python barely misses you. You block the ball python's attack.
The ball python barely misses you. The ball python grabs you.
The ball python constricts you.
There is an open door here.
You hit the ball python but do no damage.
Your headbutt misses the ball python.
The ball python bites you but does no damage.
The ball python constricts you.
You hit the ball python.
You kill the ball python!
Okawaru accepts your kill.
You hit the ogre.
The ogre is lightly wounded.
The ogre hits you with a +0 giant spiked club!!
Ouch! That really hurt!
You barely miss the ogre.
The ogre is lightly wounded.
The ogre hits you with a +0 giant spiked club.
You barely miss the ogre.
The ogre is lightly wounded.
You hit the ogre. You headbutt the ogre!
The ogre is heavily wounded.
You block the ogre's attack.
You feel better.
The ogre hits you with a +0 giant spiked club!!
You die...

#..##...## #...####.....
#..##...###.##...##......
...#.....# ..#...#......#
...'.....# #g##........#
...##....###..#.......##
...##....# ..O##.....##
#..##)...# ##..#....##
#####....# #...##..##
#.....# #gO@.## #..)..#
###### ####### #####
#...#


You could see an ogre and a gnoll.

Vanquished Creatures
  A black bear (D:4)
  A gnoll sergeant (D:4)
  2 orc priests
  An iguana (D:4)
  5 gnolls (D:4)
  3 adders (D:2)
  A worm (D:2)
  4 dart slugs
  12 orcs
  3 bats
  4 endoplasms
  2 giant cockroaches
  6 hobgoblins
  3 jackals (D:1)
  5 quokkas
  7 ball pythons
  2 frilled lizards
  7 goblins
  6 kobolds
  6 rats
81 creatures vanquished.

Notes
Turn   | Place    | Note
-------+----------+-------------------------------------------
     0 | D:1      | Peloso the Minotaur Fighter began the quest for the Orb.
     0 | D:1      | Reached XP level 1. HP: 19/19 MP: 0/0
   255 | D:1      | Reached XP level 2. HP: 23/27 MP: 1/1
   776 | D:2      | Found Yshrutezo's Antique Weapon Shoppe.
   860 | D:2      | Reached XP level 3. HP: 31/33 MP: 2/2
  1189 | D:2      | Found a faded altar of an unknown god.
  1446 | D:1      | Reached XP level 4. HP: 19/40 MP: 3/3
  1789 | D:3      | Found a sacrificial altar of Ru.
  2243 | D:3      | Found an iron altar of Okawaru.
  2253 | D:3      | Became a worshipper of Warmaster Okawaru
  2326 | D:3      | Found a snail-covered altar of Cheibriados.
  2379 | D:3      | Found a glowing silver altar of Zin.
  2455 | D:4      | Reached XP level 5. HP: 42/46 MP: 4/4
  2549 | D:4      | Reached skill level 1 in Dodging
  2667 | D:4      | Found a shimmering altar of Xom.
  2718 | D:4      | Reached skill level 5 in Long Blades
  2718 | D:4      | Reached XP level 6. HP: 46/53 MP: 5/5
  2726 | D:4      | Reached skill level 5 in Armour
  3037 | D:4      | Slain by an ogre

Illustrated notes

Levels and vault maps discovered:
D:1:      dpeg_arrival_orchard, layout_loops_ring
D:2:      layout_rooms, hellmonk_ecumenical_altar_crossroads, serial_shops,
          nicolae_shop_hallway_stairs, minivault_25
D:3:      layout_rooms, nicolae_ru_sacrificial_ziggurat,
          mainiacjoe_overflow_boulevard, nicolae_overflow_hidden_temple
D:4:      minmay_razor_zed, layout_gridville, xom_teletrap_fun

Skill      XL: |  1  2  3  4  5  6 |
---------------+-------------------+-----
Armour         | 4 5 |  5.2
Shields        | 4 |  4.8
Fighting       | 4 |  4.4
Long Blades    | 3 4 5 |  5.7
Dodging        | 1 |  1.9
Stealth        | |  0.2

Action                   |  1- 3 |  4- 6 || total
-------------------------+-------+-------++-------
Melee: Long sword        |    93 |   111 ||   204
       Headbutt          |     8 |    18 ||    26
  Use: Scroll            |     6 |       ||     6
       Potion            |       |     1 ||     1
Armor: Scale mail        |    64 |    44 ||   108
Dodge: Dodged            |    48 |    59 ||   107
Block: Buckler           |    32 |    74 ||   106
       Reflection        |       |     3 ||     3
